 Dungeon Crawl Stone Soup version 0.31-a0-819-gf6de2f5ab6 (webtiles) character file.

Game seed: 7051802030983077573

30 dialectric the Ducker (level 3, -3/26 HPs)
             Began as an Octopode Fighter on Sept 23, 2023.
             Slain by a hobgoblin (6 damage)
             ... led by Robin
             ... on level 1 of the Dungeon.
             The game lasted 00:00:42 (674 turns).

dialectric the Ducker (Octopode Fighter)             Turns: 674, Time: 00:00:42

Health: -3/26      AC:  1    Str: 15    XL:     3   Next: 20%
Magic:  3/3        EV: 13    Int: 10    God:
Gold:   98         SH:  4    Dex: 13    Spells: 2/2 levels left

rFire   . . .        a - +0 trident
rCold   . . .        b - +0 buckler
rNeg    . . .        (helmet restricted)
rPois   .            (no amulet)
rElec   .            g - +4 ring of slaying
rCorr   .            (no ring)
SInv    .            (no ring)
Will    .....        (no ring)
Stlth   ++           (no ring)
HPRegen 0.24/turn    (no ring)
MPRegen 0.08/turn    (no ring)
                     (no ring)

%: no passive effects
@: no status effects
A: almost no armour, amphibious, 8 rings, camouflage 1, gelatinous body 1,
(nimble swimmer 1), tentacles
a: no special abilities


You were on level 1 of the Dungeon.
You visited 1 branch of the dungeon, and saw 2 of its levels.

You collected 98 gold pieces.

Inventory:

Hand Weapons
 a - a +0 trident (weapon)
Armour
 b - a +0 buckler (worn)
Jewellery
 g - a +4 ring of slaying (left tentacle)
Scrolls
 d - a scroll of identify {unknown}
 e - a scroll of fear {unknown}
 f - a scroll of summoning {unknown}
Potions
 c - a potion of might
 h - a potion of degeneration {unknown}


   Skills:
 + Level 3.3 Fighting
 + Level 2.3 Polearms
 + Level 3.4 Dodging
 + Level 0.7 Stealth
 + Level 3.2 Shields


You had 2 spell levels left.
You didn't know any spells.
Your spell library contained the following spells:

 Spells                   Type           Power      Damage    Failure   Level
 Magic Dart               Conj           0%         1d3       45%         1
 Call Imp                 Summ           0%         N/A       58%         2
 Sublimation of Blood     Necr           0%         N/A       58%         2
 Wereblood                Tmut           0%         N/A       58%         2
 Mephitic Cloud           Conj/Pois/Air  0%         N/A       83%         3
 Summon Hydra             Summ           0%         N/A       100%        7


Dungeon Overview and Level Annotations

Branches:
Dungeon (2/15)

Altars:

Annotations:
D:2 Robin


Innate Abilities, Weirdness & Mutations

You cannot wear most types of armour.
You are amphibious.
You can wear up to eight rings at the same time.
Your skin changes colour to match your surroundings (Stealth+).
Your rubbery body absorbs attacks. (AC +1, EV +1)
((You are camouflaged when in or above water. (Stealth+)))
You have tentacles for arms and can constrict up to eight enemies at once.


Message History

There are monsters nearby!
You hit the hobgoblin.
The hobgoblin is heavily wounded.
You constrict the hobgoblin.
You kill the hobgoblin!
The bat closely misses you. The bat hits you. You block the bat's attack.
The hobgoblin misses you. The goblin closely misses you.
There are monsters nearby!
There are monsters nearby!
You closely miss the hobgoblin. You grab the hobgoblin.
You constrict the hobgoblin. The bat hits you but does no damage.
A goblin comes into view. It is wielding a +0 club.
You block the hobgoblin's attack. The goblin hits you with a +0 club.
The hobgoblin barely misses you.
You are too injured to fight recklessly!
You release your grip on the hobgoblin.
The bat hits you. You block the bat's attack. The hobgoblin barely misses you.
The rat bites you. You block the goblin's attack.
The hobgoblin barely misses you.
You climb upwards.
There is a stone staircase leading down here.
Unknown command.
Unknown command.
You completely miss the rat. You grab the rat. You tentacle-slap the rat.
You kill the rat!
The bat closely misses you. The goblin hits you with a +0 club!
* * * LOW HITPOINT WARNING * * *
The hobgoblin barely misses you. The hobgoblin closely misses you. x2
The goblin barely misses you. You block the bat's attack.
Unknown command.
The bat attacks as it pursues you! The bat misses you.
The bat hits you but does no damage.
Unknown command.
Okay, then.
You barely miss the bat. You grab the bat. You squeeze the bat.
You kill the bat!
The hobgoblin barely misses you.
Unknown command.
The hobgoblin attacks as it pursues you!
The hobgoblin hits you.
You die...

#.###...##...#######≈#######..
##.##.....#........#≈≈≈#.......
#..........÷........#§#........
###..##.....##.....#...#...###...
.....###...#####.#.#.#...#).#####
####.# ##..........#.........#
#.# #.######.#########..## #.#
#.# ##.## ##..### #.####.#
###.@.## #.....# #.#....#
#...g#.# #.....###
#.#.##.###.#.#>### #........
#.#.#........gg..# #.....###
#............###.# #.....#
#...##.###.......######.####
#...##.# ##...##.#..###.#
#...##)####...##........#
#...##.##...>....#..###.#


You could see 2 hobgoblins.

Vanquished Creatures
  A dart slug (D:1)
  4 endoplasms (D:1)
  A giant cockroach (D:1)
  3 goblins (D:1)
  3 hobgoblins
  2 kobolds (D:1)
  2 ball pythons (D:1)
  4 bats (D:1)
  2 frilled lizards (D:1)
  4 rats (D:1)
26 creatures vanquished.

Notes
Turn   | Place    | Note
-------+----------+-------------------------------------------
     0 | D:1      | dialectric the Octopode Fighter began the quest for the
                  | Orb.
     0 | D:1      | Reached XP level 1. HP: 16/16 MP: 1/1
   128 | D:1      | Reached XP level 2. HP: 21/21 MP: 2/2
   498 | D:1      | Reached XP level 3. HP: 26/26 MP: 3/3
   665 | D:2      | Noticed Robin
   674 | D:1      | Slain by a hobgoblin

Illustrated notes

Levels and vault maps discovered:
D:1:      psy_arrival_dodecagon, layout_loops_ring
D:2:      layout_basic, basic_altar, corexii_item_surrounded_by_moat, uniq_robin

Action                     || total
---------------------------++-------
  Melee: Trident           ||    45
         Constrict         ||     9
         Tentacles         ||     5
         Punch             ||     2
   Stab: Sleeping          ||    10
 Armour: Skin              ||    18
  Dodge: Dodged            ||    21
  Block: Buckler           ||     7

Table legend: (Time is in decaauts)
 A = Elapsed time spent in this place.
 B = Non-inter-level travel time spent in this place.
 C = Inter-level travel time spent in this place.
 D = Time resting spent in this place.
 E = Time spent auto-exploring this place.
 F = Levels seen in this place.
 G = Mean time per level.
                   A        B        C        D        E       F      G
               +--------+--------+--------+--------+--------+-----+--------+
         Total |    684 |    621 |     63 |      0 |    480 |   2 |  342.0 |
       Dungeon |    684 |    621 |     63 |      0 |    480 |   2 |  342.0 |
               +--------+--------+--------+--------+--------+-----+--------+

Top non-repeatable levels by time:
     D:1: 679 daAuts
     D:2: 5 daAuts
